Map: [ESL] Cosmic Sapphire

Players

trigger - Winner!

  • Race: Protoss Protoss
  • Spawn Location: 11:00

Namshar

  • Race: Zerg Zerg
  • Spawn Location: 5:00

Event: DreamHack SC2 Masters 2022 Atlanta (Online)

VOD

Have the link to the VOD?

Description

Time

  • Played on: Oct. 6, 2022, 3:58 p.m.
  • Length: 7:22

All games in this series

Show
View Real Time Build Order
Export as new Build Order

trigger Protoss - Winner!

Build Orders: 1 Gate Expand, Colossus Rush 

Get SALT Encoding   

  12  0:00  Probe  
  13  0:12  Probe  
  14  0:20  Pylon  
  14  0:24  Probe  
  15  0:38  Probe (Chrono Boost), Gateway  
  16  0:47  Probe (Chrono Boost), Assimilator  
  17  0:52  Probe  
  18  1:04  Probe  
  19  1:16  Probe  
  20  1:23  Nexus  
  20  1:28  Probe  
  21  1:35  Cybernetics Core  
  21  1:42  Assimilator  
  21  1:43  Probe  
  22  1:51  Pylon  
  22  1:55  Probe  
  23  2:09  Probe (Chrono Boost)  
  23  2:12  Warp Gate, Stalker  
  26  2:19  Probe (Chrono Boost)  
  27  2:24  Probe (Chrono Boost)  
  27  2:27  Robotics Facility  
  28  2:36  Probe (Chrono Boost)  
  30  2:40  Probe (Chrono Boost)  
  30  2:41  Probe (Chrono Boost)  
  30  2:42  Adept  
  33  2:48  Probe (Chrono Boost)  
  35  2:55  Probe (Chrono Boost)  
  36  2:59  Probe (Chrono Boost)  
  36  3:04  Probe x2 (Chrono Boost)  
  38  3:07  Gateway  
  38  3:15  Probe (Chrono Boost)  
  38  3:16  Observer  
  38  3:17  Probe (Chrono Boost)  
  38  3:18  Robotics Bay  
  41  3:21  Pylon  
  42  3:29  Probe (Chrono Boost), Assimilator  
  42  3:32  Probe (Chrono Boost)  
  43  3:35  Warp Prism (Chrono Boost), Probe (Chrono Boost)  
  43  3:39  Probe  
  47  3:43  Gateway  
  47  3:44  Probe  
  48  3:50  Assimilator  
  48  3:52  Probe  
  48  3:55  Pylon  
  49  3:56  Probe  
  49  4:00  Gateway  
  49  4:02  Disruptor (Chrono Boost)  
  50  4:09  Gateway  
  53  4:12  Gateway  
  53  4:16  Sentry x2  
  57  4:22  Pylon  
  57  4:29  Colossus (Chrono Boost)  
  62  4:40  Gateway  
  62  4:41  Gateway  
  62  4:43  Sentry, Pylon  
  64  4:50  Stalker  
  66  4:53  Stalker  
  66  4:55  Pylon  
  68  5:00  Stalker  
  68  5:03  Pylon  
  70  5:11  Stalker x2  
  74  5:16  Pylon  
  74  5:22  Stalker x2  
  74  5:25  Probe  
  74  5:27  Pylon  
  79  5:41  Stalker  
  79  5:42  Stalker x2  
  85  5:55  Stalker x3  
  91  5:59  Stalker x2  
  79  6:18  Stalker x4  
  87  6:44  Stalker x5  
  93  6:47  Zealot x2  
  95  7:08  Adept x7  
Show
View Real Time Build Order
Export as new Build Order

Namshar Zerg 

Build Orders: Hatch First 

Get SALT Encoding   

  12  0:00  Drone  
  13  0:12  Overlord  
  13  0:16  Drone  
  14  0:30  Drone x2  
  16  0:46  Hatchery  
  15  0:50  Drone  
  15  0:54  Drone  
  17  0:58  Drone  
  18  1:08  Extractor  
  17  1:13  Spawning Pool  
  17  1:15  Drone  
  17  1:19  Drone  
  18  1:27  Drone  
  19  1:39  Drone  
  20  1:50  Drone  
  21  1:59  Queen x2  
  21  2:00  Zergling x2, Overlord  
  26  2:10  Drone x2  
  26  2:12  Metabolic Boost  
  28  2:20  Drone  
  28  2:21  Drone  
  30  2:31  Drone  
  30  2:34  Hatchery  
  30  2:38  Drone  
  31  2:44  Drone  
  31  2:45  Overlord  
  31  2:49  Queen  
  34  2:56  Overlord  
  34  2:57  Drone  
  35  3:09  Drone  
  35  3:12  Overlord  
  35  3:15  Drone  
  35  3:16  Drone x2  
  35  3:17  Drone x3  
  35  3:18  Queen  
  43  3:24  Overlord  
  43  3:34  Drone x2  
  43  3:35  Queen  
  43  3:38  Drone  
  43  3:40  Roach Warren  
  47  3:44  Drone x2  
  47  3:45  Drone x2  
  47  3:48  Extractor  
  50  3:49  Extractor  
  50  3:53  Drone x2  
  51  4:01  Drone x3  
  51  4:02  Overlord  
  54  4:04  Overlord  
  54  4:13  Drone  
  54  4:14  Drone x3  
  58  4:20  Drone x2  
  58  4:21  Drone  
  58  4:22  Overlord  
  58  4:23  Roach x3  
  67  4:32  Lair  
  67  4:35  Drone  
  67  4:36  Drone x3, Evolution Chamber  
  67  4:37  Drone  
  71  4:40  Roach, Extractor  
  71  4:41  Extractor  
  71  4:42  Roach  
  73  4:48  Overlord  
  73  4:50  Roach x2  
  77  4:59  Drone, Roach  
  79  5:00  Drone x3  
  79  5:01  Drone, Extractor  
  79  5:02  Drone x3  
  84  5:07  Roach x3  
  84  5:10  Queen  
  90  5:15  Ravager  
  90  5:18  Spine Crawler  
  90  5:20  Ravager x2  
  89  5:24  Overlord x2  
  89  5:26  Roach x2  
  93  5:34  Roach, Ravager  
  93  5:35  Roach  
  98  5:39  Overlord x4  
  98  5:45  Ravager x2  
  97  5:54  Roach x7  
  97  6:00  Roach  
  97  6:01  Roach x5  
  98  6:05  Roach  
  98  6:06  Roach  
  98  6:09  Roach  
  89  6:19  Roach x3  
  89  6:23  Ravager  
  89  6:25  Ravager x3  
  87  6:28  Roach x3  
  72  6:41  Roach x3  
  72  6:42  Roach  
  72  6:46  Roach x3  
  78  6:53  Roach  
  78  6:54  Roach x2  
Tags
 
Add a new tag
Caveats
  • Supply blocks, unpowered buildings, or Contaminate may cause inaccurate times.
  • Supply counts are checked every 10 seconds.